 Dungeon Crawl Stone Soup version 0.30-a0-134-gb40fab5c76 (webtiles) character file.

Game seed: 1318480227991047517

32 greasedhog the Ruffian (level 3, -4/20 HPs)
             Began as a Gargoyle Transmuter on Sept 19, 2022.
             Shot with a bolt by a hobgoblin (10 damage)
             ... on level 2 of the Dungeon.
             The game lasted 00:01:49 (1503 turns).

greasedhog the Ruffian (Gargoyle Transmuter)        Turns: 1503, Time: 00:01:49

Health: -4/20      AC:  5    Str: 18    XL:     3   Next: 27%
Magic:  6/6        EV: 11    Int: 13    God:
Gold:   67         SH:  4    Dex: 10    Spells: 3/6 levels left

rFire   . . .      SeeInvis .      - Unarmed
rCold   . . .      Faith    .    d - +1 buckler of Monotheism {Str+3}
rNeg    + . .      Spirit   .    a - +0 robe
rPois   ∞          Reflect  .    (no helmet)
rElec   +          Harm     .    (no cloak)
rCorr   .          Rampage  .    (no gloves)
Will    .....                    (no boots)
Stlth   +.........               (no amulet)
HPRegen 0.06/turn                (no ring)
MPRegen 0.10/turn                (no ring)

@: studying Armour
A: sickness immunity, AC +3, negative energy resistance 1, electricity
resistance, torment resistance 1, petrification resistance
a: no special abilities


You were on level 2 of the Dungeon.
You visited 1 branch of the dungeon, and saw 2 of its levels.

You collected 67 gold pieces.

Inventory:

Missiles
 g - a throwing net
Armour
 a - a +0 robe (worn)
 d - the +1 buckler of Monotheism (worn) {Str+3}
   (You acquired it on level 1 of the Dungeon)

   Str:       It affects your strength (+3).
Jewellery
 c - a ring of protection from cold
Scrolls
 e - a scroll of identify {unknown}
 f - 2 scrolls of teleportation {unknown}
Potions
 b - 2 potions of lignification


   Skills:
 - Level 1.1 Fighting
 - Level 1.5 Dodging
 * Level 3.7 Unarmed Combat
 - Level 2.0 Spellcasting
 * Level 2.3 Transmutations


You had 3 spell levels left.
You knew the following spells:

 Your Spells              Type           Power      Damage    Failure   Level
a - Beastly Appendage     Tmut           14%        N/A       13%         1
b - Wereblood             Tmut           7%         N/A       21%         2

Your spell library contained the following spells:

 Spells                   Type           Power      Damage    Failure   Level
 Spider Form              Tmut/Pois      4%         N/A       54%         3
 Ice Form                 Ice/Tmut       4%         N/A       91%         4


Dungeon Overview and Level Annotations

Branches:
Dungeon (2/15)

Altars:
Zin

Shops:
D:1 (


Innate Abilities, Weirdness & Mutations

You are immune to sickness and miasma.
Your stone body is resilient. (AC +3)
You are immune to poison.
You resist negative energy. (rN+)
You are resistant to electric shocks. (rElec)
You are resistant to unholy torment.
You are immune to petrification.


Message History

You kill the endoplasm!
No target in view!
No target in view!
No target in view!
Your horns disappear.
Your talons disappear.
A hobgoblin comes into view.
A hobgoblin is nearby!
A hobgoblin is nearby!
Found a stone staircase leading up.
The hobgoblin shouts!
You grow a pair of large bovine horns.
Your feet morph into talons.
The hobgoblin hits you but does no damage.
You punch the hobgoblin!
You kill the hobgoblin!
No target in view!
No target in view!
Your transformation is almost over.
Found a stone staircase leading up.
You see here a hobgoblin corpse.
Found a glowing silver altar of Zin.
Your horns disappear.
Your talons disappear.
You now have 67 gold pieces (gained 3).
A hobgoblin comes into view. It is wielding a +0 arbalest.
The hobgoblin shouts!
The hobgoblin shoots a bolt.
The bolt hits you!
Ouch! That really hurt!
The hobgoblin shoots a bolt.
The bolt closely misses you.
There is a stone staircase leading up here.
The hobgoblin shoots a bolt.
The bolt barely misses you.
You climb upwards.
There is a stone staircase leading down here.
You start resting.
HP restored.
You climb downwards.
The hobgoblin shoots a bolt.
The bolt hits you!
Ouch! That really hurt!
* * * LOW HITPOINT WARNING * * *
There is a stone staircase leading up here.
The hobgoblin shoots a bolt.
The bolt hits you!
Ouch! That really hurt!
You die...

.. #############.#####
..................
#..............#
#..............#
+..............#
########..............#
.##.........†......<..#
.'..##########..@.....#
.#### #........# .##
#........#### ..#
#......S..... ..# ####
#####........ #.##
#...# #...._...
##†###...# .....g...
|##.##...# ###.....#
.........# ....#.


You could see an adder and a hobgoblin.

Vanquished Creatures
  2 dart slugs (D:1)
  3 ball pythons (D:1)
  3 bats
  2 endoplasms
  2 giant cockroaches
  2 goblins (D:1)
  4 hobgoblins
  A kobold (D:2)
  A quokka (D:1)
  A frilled lizard (D:1)
  3 rats
24 creatures vanquished.

Notes
Turn   | Place    | Note
-------+----------+-------------------------------------------
     0 | D:1      | greasedhog the Gargoyle Transmuter began the quest for the
                  | Orb.
     0 | D:1      | Reached XP level 1. HP: 12/12 MP: 3/3
   255 | D:1      | Reached XP level 2. HP: 16/16 MP: 3/5
   298 | D:1      | Learned a level 2 spell: Wereblood
   578 | D:1      | Found Eppa Opo's Weapon Shoppe.
   867 | D:1      | Identified a scroll of acquirement
   867 | D:1      | Acquired the +1 buckler of Monotheism {Str+3}
   970 | D:1      | Reached XP level 3. HP: 20/20 MP: 4/6
  1327 | D:2      | Found a glowing silver altar of Zin.
  1503 | D:2      | Shot with a bolt by a hobgoblin

Illustrated notes

Levels and vault maps discovered:
D:1:      evilmike_arrival_grusome_pit, layout_loops_ring, serial_shops,
          nicolae_shop_advertising_works [nicolae_subvault_shop_adworks]
D:2:      layout_basic, basic_ecumenical_altar, basic_altar, minmay_cut_off,
          uniq_natasha

Skill      XL: |  1  2 |
---------------+-------+-----
Transmutations | 2 |  2.3
Fighting       | |  1.1
Dodging        | |  1.5
Unarmed Combat | |  3.7
Spellcasting   | |  2.0

Action                   || total
-------------------------++-------
Melee: Unarmed           ||    65
       Kick              ||    14
       Headbutt          ||     2
       Punch             ||     1
 Cast: Beastly Appendage ||    21
       Wereblood         ||     3
  Use: Scroll            ||     4
Armor: Robe              ||    19
Dodge: Dodged            ||    40
Block: Buckler           ||     5

Table legend: (Time is in decaauts)
 A = Elapsed time spent in this place.
 B = Non-inter-level travel time spent in this place.
 C = Inter-level travel time spent in this place.
 D = Time resting spent in this place.
 E = Time spent auto-exploring this place.
 F = Levels seen in this place.
 G = Mean time per level.
                   A        B        C        D        E       F      G
               +--------+--------+--------+--------+--------+-----+--------+
         Total |   1500 |   1480 |     20 |    163 |   1125 |   2 |  750.0 |
       Dungeon |   1500 |   1480 |     20 |    163 |   1125 |   2 |  750.0 |
               +--------+--------+--------+--------+--------+-----+--------+

Top non-repeatable levels by time:
     D:1: 1354 daAuts
     D:2: 145 daAuts
